[Event "Rapid della Domenica"]
[Site "Chess.com"]
[Date "2020.05.10"]
[Round "4"]
[White "GB86_CHESS"]
[Black "crippo"]
[Result "1-0"]
[WhiteElo "1720"]
[BlackElo "1502"]
[TimeControl "720+3"]
[EndTime "7:31:40 PDT"]
[Termination "GB86_CHESS ha vinto per abbandono"]

1. e4 e5 2. Nf3 Nc6 3. Bb5 d6 4. O-O Be7 5. d4 exd4 6. Nxd4 Bd7 7. Be3 Nf6 8. Nc3 O-O 9. Nxc6 bxc6 10. Bd3 Ng4 11. Bd2 Bf6 12. f3 Ne5 13. Be2 Ng6 14.
Bd3 Bd4+ 15. Kh1 Ne5 16. Be2 Bb6 17. f4 Ng4 18. Bxg4 f5 19. Bf3 Qh4 20. Qe1 Qh6 21.
e5 Rae8 22. Na4 d5 23. Nxb6 axb6 24. Qg3 g6 25. Rae1 Be6 26. c4 Ra8 27. a3 Ra4 28.
cxd5 cxd5 29. Bd1 Rd4 30. Qe3 Rc4 31. Bb3 Re4 32. Qc3 c5 33. Rxe4 fxe4 34. Qg3 Qh5 35. Bd1 Qf5 36. h3 Qf7 37. Qg5 d4 38. g4 e3 39. f5 Bd5+ 40. Kh2 exd2 41. e6 Qf6 42.
Qxd2 Bxe6 43. Qe1 Bd5 44. Kg1 g5 45. a4 Kg7 46. a5 Rf7 47. axb6 Qxb6 48. Qe5+ Rf6 49.
Qxd5 Rd6 50. Qe5+ Rf6 51. b3 d3 52. Qe3 Qd6 53. Qxg5+ Kf8 54. Qf4 Qb6 55. Qc4 Qd6 56. Rf3 d2 57. Rd3 Qe5 58. Qd5 Qe1+ 59. Kg2 Kg7 60. Rxd2 h6 61. Re2 Qb4 62. Re7+ Kh8 63. Qd8+ 1-0

[Event "Rapid della Domenica"]
[Site "Chess.com"]
[Date "2020.05.10"]
[Round "4"]
[White "Carbon"]
[Black "BAKR1980"]
[Result "0-1"]
[WhiteElo "1740"]
[BlackElo "1723"]
[TimeControl "720+3"]
[EndTime "7:35:26 PDT"]
[Termination "BAKR1980 ha vinto per abbandono"]

1. e4 d6 2. d4 Nf6 3. Nc3 e5 4. Nf3 Nbd7 5. Bc4 Be7 6. O-O O-O 7. Re1 c6 8. a4 exd4 9. Nxd4 Ne5 10. Be2 d5 11. f4 Nc4 12. e5 Bc5 13. Kh1 Ng4 14.
Bxg4 Bxg4 15. Nf3 f6 16. b3 Bb4 17. Qd3 fxe5 18. fxe5 Bf5 19. Qd4 Qb6 20. bxc4 Qxd4 21. Nxd4 Bxc3 22. Ba3 Bxd4 23. Rad1 Bc3 24. Re3 Bxc2 25.
Rc1 Bd2 26. Ree1 dxc4 27. Bxf8 Rxf8 28. Kg1 Bxe1 29. Rxe1 Bxa4 30. e6 b5 31. h3 c3 32.
e7 Re8 0-1

[Event "Rapid della Domenica"]
[Site "Chess.com"]
[Date "2020.05.10"]
[Round "4"]
[White "fisherpez"]
[Black "SanSecondoPR"]
[Result "0-1"]
[WhiteElo "1498"]
[BlackElo "1272"]
[TimeControl "720+3"]
[EndTime "7:38:01 PDT"]
[Termination "SanSecondoPR ha vinto per abbandono"]

1. e3 e5 2. b3 Nf6 3. Bb2 Nc6 4. Nf3 e4 5. Nd4 Nxd4 6. Bxd4 Be7 7. Be2 O-O 8. O-O d5 9. c4 c5 10. Bb2 d4 11. exd4 cxd4 12. d3 Bf5 13. dxe4 Bxe4 14. Bd3 Bc5 15. a3 a6 16. b4 Ba7 17. c5 Qd5 18. f3 Bxd3 19. Qxd3 Rad8 20. Nd2 Bb8 21.
Rae1 Rfe8 22. Rd1 Bf4 23. Nc4 h5 24. Kh1 h4 25. Bc1 Bb8 26. Bb2 Nh5 27. Bc1 Bxh2 28.
Kxh2 Ng3 29. Rfe1 Nf5 30. Rxe8+ Rxe8 31. Bb2 Nh6 32. Qxd4 Qg5 33. Nd6 Qg3+ 34. Kg1 Re2 35. Qxg7+ Qxg7 36. Bxg7 Kxg7 37. Kf1 Ra2 38. Nxb7 Rxa3 39.
Rd4 Nf5 40. Re4 Ng3+ 41. Kf2 Nxe4+ 42. fxe4 Rb3 43. c6 Rxb4 44. Ke3 Rc4 45. Na5 Rc5 46. Nb3 Rxc6 47. Kd4 Rc2 48. Nc5 Rxg2 49. Nxa6 h3 50.
Nc5 h2 51. Nd3 h1=Q 52. Ke5 Qh5+ 53. Kd4 Rd2 54. Kc3 Qe2 55. Nf4 Rc2+ 56. Kd4 Qd2+ 57. Ke5 f6+ 58. Kf5 Rc5+ 59. Kg4 Rg5+ 60. Kf3 Qc3+ 61.
Kf2 Qg3+ 62. Ke2 Qxf4 63. e5 Rxe5+ 64. Kd3 Re3+ 65. Kd2 0-1

[Event "Rapid della Domenica"]
[Site "Chess.com"]
[Date "2020.05.10"]
[Round "4"]
[White "Simo2005"]
[Black "sirmale49"]
[Result "1-0"]
[WhiteElo "1655"]
[BlackElo "1379"]
[TimeControl "720+3"]
[EndTime "7:38:26 PDT"]
[Termination "Simo2005 ha vinto per abbandono"]

1. e4 e5 2. Nf3 Nc6 3. d4 exd4 4. Nxd4 Ne5 5. Nc3 Bc5 6. Nb3 Bb6 7. Bf4 Qf6 8. Nd5 Qe6 9. Nd4 Qd6 10. Nb5 Qc5 11. Qd2 d6 12. Be3 Qc6 13. Bxb6 axb6 14. Nbxc7+ Kd8 15. Nxa8 Be6 16. Naxb6 Ne7 17. Nxe7 Kxe7 18.
Nd5+ Bxd5 19. exd5 Qa4 20. a3 Qe4+ 21. Qe2 Qxd5 22.
f4 Qd4 23. fxe5 1-0

[Event "Rapid della Domenica"]
[Site "Chess.com"]
[Date "2020.05.10"]
[Round "4"]
[White "fausto2p"]
[Black "OMatteoWuO"]
[Result "0-1"]
[WhiteElo "1081"]
[BlackElo "1160"]
[TimeControl "720+3"]
[EndTime "7:39:22 PDT"]
[Termination "OMatteoWuO ha vinto per abbandono"]

1. d4 Nf6 2. c4 g6 3. Nc3 Bg7 4.
e4 d6 5. f3 Nbd7 6. Be3 e5 7. d5 O-O 8. g4 Nc5 9. b3 a5 10. Nge2 Ne8 11. Ng3 Qh4 12. Bf2 f5 13. Nxf5 Qf6 14. Bh4 g5 15. Bf2 Bxf5 16. gxf5 h5 17. Qd2 Bh6 18. Be3 Kh7 19. O-O-O Rg8 20. Be2 g4 21. Bxh6 Qxh6 22. fxg4 Qxd2+ 23. Kxd2 hxg4 24. Rdg1 Nf6 25. Nb5 Ncxe4+ 26. Ke1 Rg7 27. h3 g3 28. h4 Rag8 29. a3 Nf2 30. h5 Nxh1 31.
Rxh1 g2 32. Rg1 Kh6 33. Bf3 Nxh5 34. Nc3 Rg3 35. Bxh5 Rxc3 36. Bg6 Rc1+ 37. Kf2 Rc2+ 38. Ke1 Kg5 39. Bh7 Rh8 40. Kd1 Ra2 41. Ke1 Rxh7 0-1

[Event "Rapid della Domenica"]
[Site "Chess.com"]
[Date "2020.05.10"]
[Round "4"]
[White "Mrtre7"]
[Black "sergiodone"]
[Result "1-0"]
[WhiteElo "1476"]
[BlackElo "1502"]
[TimeControl "720+3"]
[EndTime "7:45:33 PDT"]
[Termination "Mrtre7 ha vinto per tempo"]

1. d4 Nf6 2. c4 c5 3. d5 b5 4.
cxb5 a6 5. b6 Qxb6 6. Nc3 d6 7. e4 Nbd7 8. Nf3 g6 9. Be2 Bg7 10.
O-O O-O 11. Be3 Rb8 12. Rb1 Qa7 13. Nd2 Qc7 14. Nc4 Bb7 15. Qc2 Rfe8 16. b4 cxb4 17. Rxb4 Nc5 18. Rfb1 Ba8 19. Nb6 Bb7 20. Nca4 Nfxe4 21. Rxe4 Qd8 22. Bxc5 dxc5 23. Nxc5 Ba8 24. Nxa8 Rxa8 25. Bxa6 Qa5 26. Bb5 Rec8 27. Rc4 Qxa2 28.
Qxa2 Rxa2 29. g3 h5 30. Ne4 Rb8 31. Rcb4 Rd8 32. Bc4 Ra3 33. Rb8 Rxb8 34. Rxb8+ Kh7 35. Ng5+ Kh6 36. Nxf7+ Kh7 37. Re8 Bf6 38. h4 Kg7 39. d6 Ra1+ 40. Kg2 exd6 41. Nxd6 Rd1 42. Ne4 Ba1 43. Rg8+ Kh6 44. Ng5 Bg7 45. Ne6 Ba1 46.
Nf4 Be5 47. Nxg6 Bg7 48. Bf7 Rd6 49. Nf4 1-0

[Event "Rapid della Domenica"]
[Site "Chess.com"]
[Date "2020.05.10"]
[Round "5"]
[White "SanSecondoPR"]
[Black "crippo"]
[Result "0-1"]
[WhiteElo "1266"]
[BlackElo "1508"]
[TimeControl "720+3"]
[EndTime "7:52:01 PDT"]
[Termination "crippo ha vinto per abbandono"]

1. e4 e5 2. d4 exd4 3. c3 dxc3 4. Bc4 Nc6 5. bxc3 d6 6. Nf3 Nf6 7. O-O Be7 8. Bb2 O-O 9. Nbd2 Bg4 10. Qc2 Bh5 11.
Nd4 Ng4 12. f3 Ne3 13. Qd3 Nxf1 14. Rxf1 Ne5 15. Qc2 Nxc4 16. Nxc4 Bg6 17. Ne3 Re8 18. Ndf5 Bf6 19. g3 Qd7 20. Ng4 Bd8 21. c4 Bxf5 22.
exf5 h5 23. Ne3 Rxe3 0-1

[Event "Rapid della Domenica"]
[Site "Chess.com"]
[Date "2020.05.10"]
[Round "5"]
[White "BAKR1980"]
[Black "GB86_CHESS"]
[Result "1-0"]
[WhiteElo "1738"]
[BlackElo "1692"]
[TimeControl "720+3"]
[EndTime "7:59:46 PDT"]
[Termination "BAKR1980 ha vinto per abbandono"]

1. c4 d6 2. Nc3 e5 3. Nf3 Nd7 4. e3 Ngf6 5. d4 exd4 6. exd4 Be7 7. Bd3 O-O 8. O-O b6 9. Re1 Bb7 10. Bf4 Re8 11. b3 h6 12. d5 Nf8 13. Nd4 N8h7 14.
Nf5 Bf8 15. Rxe8 Qxe8 16. Qd2 Qd7 17. Nd4 Re8 18. f3 Nh5 19. Be3 a6 20. b4 N5f6 21. a4 g5 22. a5 bxa5 23. Rxa5 Bc8 24. b5 axb5 25. Ncxb5 Qe7 26. Bf2 Bd7 27. Nxc7 Rc8 28. Ncb5 Bg7 29. Ra7 Qe5 30. Bg3 Qe7 31. Nc6 Bxc6 1-0

[Event "Rapid della Domenica"]
[Site "Chess.com"]
[Date "2020.05.10"]
[Round "5"]
[White "Ollarov"]
[Black "Mrtre7"]
[Result "1-0"]
[WhiteElo "1993"]
[BlackElo "1474"]
[TimeControl "720+3"]
[EndTime "8:01:51 PDT"]
[Termination "Ollarov ha vinto per scaccomatto"]

1. e4 c5 2. a3 e6 3. b4 cxb4 4. axb4 d5 5. e5 Nc6 6. d4 Qb6 7. Nf3 Bxb4+ 8. c3 Be7 9. Bd3 f6 10. exf6 Bxf6 11. O-O Nge7 12. Na3 O-O 13. Nb5 e5 14.
dxe5 Nxe5 15. Nxe5 Bxe5 16. Be3 Qd8 17. Nxa7 Bxc3 18. Ra3 d4 19. Bg5 Qd6 20. Nb5 Bg4 21. Nxd6 Bxd1 22. Bc4+ Kh8 23. Nf7+ Rxf7 24. Rxa8+ Ng8 25.
Rxd1 Rc7 26. Rxg8# 1-0

[Event "Rapid della Domenica"]
[Site "Chess.com"]
[Date "2020.05.10"]
[Round "5"]
[White "OMatteoWuO"]
[Black "ferrariand"]
[Result "1-0"]
[WhiteElo "1182"]
[BlackElo "1518"]
[TimeControl "720+3"]
[EndTime "8:04:34 PDT"]
[Termination "OMatteoWuO ha vinto per abbandono"]

1. d4 d5 2. c4 e6 3. Nc3 Nf6 4. Bd2 Be7 5. Nf3 O-O 6. e3 Nbd7 7.
Be2 dxc4 8. Bxc4 Nd5 9. Nxd5 exd5 10. Bxd5 Nf6 11. Bb3 Bg4 12. O-O Ne4 13. Bc3 c5 14. h3 Bh5 15. Bc2 Nxc3 16. bxc3 cxd4 17. cxd4 Rc8 18.
Qd3 Bg6 19. e4 Bf6 20. Ne5 Bxe5 21. dxe5 Qc7 22. Bb3 Qxe5 23. Bd5 Rfd8 24. f3 Kh8 25. Rac1 Rxc1 26. Rxc1 Qb2 27. Qc2 Qxc2 28. Rxc2 h6 29. Bxb7 Rb8 30. Rc8+ Rxc8 31. Bxc8 f6 32. Be6 Kh7 33. Kf2 Be8 34. Ke3 Kg6 35. f4 Bc6 36.
g3 Bb5 37. h4 Kh7 38. e5 fxe5 39. fxe5 Kg6 40. Kd4 Bc6 41. Kc5 Be4 42. Kd6 Kh7 43. Bf7 g5 44. e6 gxh4 45. gxh4 1-0

[Event "Rapid della Domenica"]
[Site "Chess.com"]
[Date "2020.05.10"]
[Round "5"]
[White "Carbon"]
[Black "pedrak"]
[Result "1-0"]
[WhiteElo "1751"]
[BlackElo "1682"]
[TimeControl "720+3"]
[EndTime "8:05:10 PDT"]
[Termination "Carbon ha vinto per abbandono"]

1. e4 d5 2. exd5 Qxd5 3. Nc3 Qd6 4. g3 Nf6 5. Bg2 c6 6. d3 Bg4 7.
Nge2 e6 8. O-O Be7 9. Bf4 Qd8 10. Re1 O-O 11. Qd2 Nd5 12. Nxd5 cxd5 13. d4 Nc6 14. b3 Rc8 15. c3 b5 16. h3 Bf5 17. Rac1 Ba3 18. Rcd1 a5 19. Nc1 Bd6 20. Bxd6 Qxd6 21. Nd3 Bxd3 22. Qxd3 Rc7 23. Qxb5 Rfc8 24. Qd3 Qa3 25.
Rd2 a4 26. b4 Nb8 27. Rc2 Rxc3 28. Rxc3 Qxc3 29. Qxc3 Rxc3 30. Bxd5 Kf8 31. Be4 Rc4 32. d5 Rxb4 33. dxe6 fxe6 34. Bxh7 Kf7 35. Bb1 Nc6 36. Rf1 Nd4 37. Kg2 Ne2 38. Bc2 Nc3 39. a3 Rb2 40. Bd3 Rb3 41. Bc4 Rxa3 42. Re1 Nd5 43. Rd1 Nf6 44.
Rd6 Nd5 45. Bxd5 exd5 46. Rxd5 Ra1 47. Ra5 a3 48. g4 a2 49. h4 Ke6 50. g5 g6 51. f4 Kf7 52. f5 gxf5 53. Rxf5+ Kg6 54.
Ra5 Kh5 55. g6+ Kh6 56. h5 Kg7 57. Ra7+ Kf6 58. g7 Rb1 59. g8=Q Rb2+ 60. Kf3 1-0

[Event "Rapid della Domenica"]
[Site "Chess.com"]
[Date "2020.05.10"]
[Round "5"]
[White "fausto2p"]
[Black "fisherpez"]
[Result "0-1"]
[WhiteElo "1078"]
[BlackElo "1504"]
[TimeControl "720+3"]
[EndTime "8:06:21 PDT"]
[Termination "fisherpez ha vinto per tempo"]

1. d4 e6 2. Nf3 b6 3. c4 Bb4+ 4. Bd2 Qe7 5. a3 Bxd2+ 6. Qxd2 Bb7 7. Nc3 Nf6 8. g3 O-O 9. Bg2 d6 10. O-O Nbd7 11. Rfe1 c5 12. e3 Rab8 13. Qc2 Rfc8 14. b3 a6 15. Qd3 h6 16. e4 cxd4 17. Nxd4 Nc5 18. Qc2 e5 19. Nf5 Qf8 20. Rad1 Rd8 21. b4 Ne6 22. Nd5 Bxd5 23. exd5 Nc7 24. Bh3 a5 25.
bxa5 bxa5 26. Rb1 Na6 27. Rxb8 Rxb8 28. Rb1 Nc5 29. Rxb8 Qxb8 30. Ne7+ Kf8 31. Nc6 Qb7 32. Nxa5 Qa6 33. Nc6 Qxa3 0-1

[Event "Rapid della Domenica"]
[Site "Chess.com"]
[Date "2020.05.10"]
[Round "5"]
[White "laremaro"]
[Black "Simo2005"]
[Result "0-1"]
[WhiteElo "1626"]
[BlackElo "1692"]
[TimeControl "720+3"]
[EndTime "8:08:08 PDT"]
[Termination "Simo2005 ha vinto per scaccomatto"]

1. e4 d6 2. d3 Nf6 3. Nf3 g6 4. g3 Bg7 5. Bg2 O-O 6. Nbd2 c5 7. O-O Nc6 8. c3 d5 9. e5 Nd7 10. d4 cxd4 11. cxd4 Qb6 12. Nb3 Na5 13. Nxa5 Qxa5 14.
Bd2 Qb5 15. Bc3 Nb6 16. b3 Be6 17. a4 Qc6 18. Rc1 Rac8 19. a5 Nd7 20. Bb4 Qb5 21. Qd2 Rxc1 22. Rxc1 Re8 23. Bf1 Bh6 24. Qc3 Qc6 25.
Qxc6 bxc6 26. Rxc6 Bg4 27. Bg2 Rb8 28. Bc5 Rxb3 29. h3 Bxf3 30. Rc8+ Kg7 31. Bxf3 Rxf3 32. Rc7 Nxc5 33. dxc5 Rc3 34. Rxe7 Rxc5 35. Rxa7 Bd2 36. e6 Rc8 37. Rxf7+ Kh6 38. a6 Bb4 39. a7 Ra8 40.
Rd7 Kg5 41. e7 Bxe7 42. Rxe7 Kf6 43. Rxh7 Ke5 44. Kf1 Kd4 45. Ke2 Kc3 46. Kd1 Kd3 47. Rd7 d4 48. g4 g5 49. Rd5 Rxa7 50. Ke1 Ra1# 0-1

[Event "Rapid della Domenica"]
[Site "Chess.com"]
[Date "2020.05.10"]
[Round "5"]
[White "sirmale49"]
[Black "sergiodone"]
[Result "1-0"]
[WhiteElo "1390"]
[BlackElo "1491"]
[TimeControl "720+3"]
[EndTime "8:08:12 PDT"]
[Termination "sirmale49 ha vinto per abbandono"]

1. f4 c5 2. Nf3 d6 3. g3 e6 4. Bg2 Be7 5. O-O Nc6 6. e3 h5 7. Nc3 h4 8. g4 h3 9. Bh1 Nf6 10. g5 Nh5 11. b3 Bxg5 12. Nxg5 f6 13. Nxh3 e5 14. f5 Qe7 15. Nd5 Qf7 16. e4 Nd4 17. c3 Nc6 18. d3 b6 19. Kf2 Bb7 20. Rg1 O-O-O 21. Be3 Ne7 22. c4 Nxd5 23. cxd5 Kb8 24.
Bf3 Nf4 25. Bxf4 exf4 26. Nxf4 Rxh2+ 27. Rg2 Rxg2+ 28. Bxg2 Rh8 29. Qf3 Qe8 30. Ng6 Rh6 31.
Qf4 Qd8 32. Rh1 Rxh1 33. Bxh1 Ba6 34. Ke3 Bc8 35. Qh4 Kb7 36. Qh7 Qc7 37. Nf8 Ka6 38. Ne6 Bxe6 39. fxe6 Qe7 40. Bf3 b5 41. Qg8 f5 42.
Qf7 Qg5+ 43. Ke2 fxe4 44. dxe4 Qe5 45. Qf5 Qb2+ 46. Ke1 Qc1+ 47. Bd1 Qc3+ 48. Kf2 Qd2+ 49. Kg3 Qxd1 50. e7 Qe1+ 51. Kg4 Qg1+ 52. Kh5 Qh2+ 53.
Kg6 Qg2+ 54. Kf7 g6 55. Qxg6 Qf2+ 56. Qf6 Qxa2 57. e8=Q Qxb3 58. Qc8+ Ka5 59. Qa1+ Kb4 60. Qe1+ Kc4 61. Qg4 a5 62. e5+ Kxd5 63. Qh1+ 1-0

[Event "Rapid della Domenica"]
[Site "Chess.com"]
[Date "2020.05.10"]
[Round "6"]
[White "pedrak"]
[Black "laremaro"]
[Result "0-1"]
[WhiteElo "1670"]
[BlackElo "1645"]
[TimeControl "720+3"]
[EndTime "8:17:20 PDT"]
[Termination "laremaro ha vinto per scaccomatto"]

1. d4 d5 2. Nf3 Nf6 3. Bf4 c5 4. e3 Qb6 5. Qc1 Bf5 6. c3 e6 7. Nbd2 Nc6 8. Nh4 Bg6 9. Nxg6 hxg6 10. h3 cxd4 11. exd4 Rc8 12. Qb1 Be7 13. Bd3 O-O 14.
O-O Na5 15. Be3 Bd6 16. b4 Nc4 17. Nxc4 dxc4 18. Be2 Nd5 19. Bd2 e5 20. dxe5 Bxe5 21. Qc2 Qf6 22. Rac1 b5 23. Bf3 Nf4 24. Bxf4 Qxf4 25.
Rfe1 Qh2+ 26. Kf1 Rfe8 27. Re4 f5 28. Re3 Bf4 29. Bd5+ Kh8 30. Ree1 Qh1# 0-1

[Event "Rapid della Domenica"]
[Site "Chess.com"]
[Date "2020.05.10"]
[Round "6"]
[White "sergiodone"]
[Black "OMatteoWuO"]
[Result "1-0"]
[WhiteElo "1493"]
[BlackElo "1178"]
[TimeControl "720+3"]
[EndTime "8:22:45 PDT"]
[Termination "sergiodone ha vinto per scaccomatto"]

1. e4 c5 2. Nf3 Nc6 3. d4 cxd4 4.
Nxd4 Nf6 5. Nc3 d6 6. f3 Bd7 7. Be3 e5 8. Nb3 Be7 9. Be2 Bf8 10. Qd2 Qc7 11. h4 a6 12. g4 h6 13. h5 b5 14.
Nd5 Nxd5 15. exd5 Ne7 16. c3 f5 17. O-O-O f4 18. Bf2 g5 19. Qd3 b4 20. c4 Bb5 21.
Qe4 a5 22. Kb1 Ba6 23. c5 Bxe2 24. Qxe2 dxc5 25. d6 Qc6 26. dxe7 Bxe7 27. Qe4 Qxe4+ 28. fxe4 O-O 29. Bxc5 Bxc5 30. Nxc5 f3 31. Rhf1 Rac8 32. Nd7 Rf4 33. Nxe5 Rxe4 34. Ng6 Rxg4 35. Rxf3 Rgc4 36. Rfd3 g4 37. Ne7+ Kh7 38. Nxc8 Rxc8 39. Rg3 Rc4 40. Rdg1 Rc5 41. Rxg4 Rxh5 42. Rg7+ Kh8 43. Rg8+ Kh7 44.
R1g7# 1-0

[Event "Rapid della Domenica"]
[Site "Chess.com"]
[Date "2020.05.10"]
[Round "6"]
[White "crippo"]
[Black "BAKR1980"]
[Result "0-1"]
[WhiteElo "1502"]
[BlackElo "1745"]
[TimeControl "720+3"]
[EndTime "8:22:54 PDT"]
[Termination "BAKR1980 ha vinto per abbandono"]

1. e4 d6 2. Nc3 e5 3. Bc4 Nc6 4. h3 Nf6 5. d3 Be7 6. Nf3 O-O 7. O-O Na5 8. Bb3 Bd7 9. Bg5 a6 10. Nh2 c6 11. Kh1 h6 12. Bh4 b5 13. Bg3 c5 14.
Bd5 Rb8 15. f4 exf4 16. Bxf4 b4 17. Ne2 Nxd5 18. exd5 Nb7 19. Ng3 Qe8 20. Re1 f5 21. Qd2 g5 22. Re2 Qf7 23. Rae1 Bd8 24. Nf3 gxf4 25.
Qxf4 Qg6 26. Re6 Bxe6 27. Rxe6 Rf6 28. Nh4 Qg5 29. Qxg5+ hxg5 30. Nhxf5 Rxe6 31. dxe6 Bf6 32.
Nh5 Bxb2 33. e7 Kf7 34. g4 Be5 35. Kg2 d5 36. Kf3 Nd6 0-1

[Event "Rapid della Domenica"]
[Site "Chess.com"]
[Date "2020.05.10"]
[Round "6"]
[White "Simo2005"]
[Black "Carbon"]
[Result "0-1"]
[WhiteElo "1663"]
[BlackElo "1761"]
[TimeControl "720+3"]
[EndTime "8:27:25 PDT"]
[Termination "Carbon ha vinto per abbandono"]

1. e4 e6 2. d4 d5 3. e5 c5 4. c3 Nc6 5. Nf3 Bd7 6. Be2 Nge7 7. Na3 Ng6 8. Nc2 cxd4 9. cxd4 Rc8 10. O-O Be7 11. Be3 O-O 12. Rc1 f6 13. Qd3 fxe5 14.
Nxe5 Ngxe5 15. dxe5 Nxe5 16. Qd2 Nc6 17. Nd4 a6 18. f4 Bf6 19. Rf3 Nxd4 20. Bxd4 Rxc1+ 21. Qxc1 Bxd4+ 22. Kh1 Qf6 23. Bd3 Bxb2 24. Qc7 Bc6 25.
Rh3 h6 26. Rg3 Qxf4 0-1

[Event "Rapid della Domenica"]
[Site "Chess.com"]
[Date "2020.05.10"]
[Round "6"]
[White "GB86_CHESS"]
[Black "Ollarov"]
[Result "0-1"]
[WhiteElo "1684"]
[BlackElo "2002"]
[TimeControl "720+3"]
[EndTime "8:29:31 PDT"]
[Termination "Ollarov ha vinto per abbandono"]

1. c4 Nf6 2. g3 g6 3. Nc3 Bg7 4. Bg2 O-O 5. e4 d6 6. Nge2 e5 7. d3 Nc6 8. O-O Rb8 9. h3 a6 10. Be3 b5 11. Nd5 Nxd5 12. cxd5 Ne7 13. Qd2 c6 14.
dxc6 Nxc6 15. Bh6 Bxh6 16. Qxh6 Qb6 17. Kh2 Nd4 18. Nc3 Be6 19. f4 f5 20. fxe5 dxe5 21. exf5 Nxf5 22. Qg5 Ne3 23. Rxf8+ Rxf8 24. Rg1 Qd4 25.
Qe7 Bf5 26. Ne4 Bxe4 27. dxe4 Qxb2 28. Qe6+ Kg7 29. Qxa6 Nf1+ 30. Kh1 Nxg3+ 31. Kh2 Nh5 32. Qb7+ Kh6 33. Qe7 Rf2 34. h4 Nf6 35. Qf8+ Kh5 36. Qg7 Ng4+ 37. Kh1 h6 38. Qd7 Rxg2 39. Rxg2 Qb1+ 40.
Rg1 Qxe4+ 41. Rg2 Qe1+ 42. Rg1 Qxh4+ 43. Kg2 Qh2+ 44. Kf3 Qf2+ 45. Ke4 Qxg1 46. Qxb5 Qd4+ 47. Kf3 Qf4+ 48. Ke2 Qe3+ 49. Kd1 Qd4+ 50. Kc1 Kg5 51. a4 h5 52. a5 h4 53. Qe8 h3 54. Qe7+ Nf6 55.
Qa3 h2 56. Qg3+ Ng4 57. Qe1 Qe3+ 0-1

[Event "Rapid della Domenica"]
[Site "Chess.com"]
[Date "2020.05.10"]
[Round "6"]
[White "ferrariand"]
[Black "fisherpez"]
[Result "1/2-1/2"]
[WhiteElo "1518"]
[BlackElo "1505"]
[TimeControl "720+3"]
[EndTime "8:29:34 PDT"]
[Termination "Partita patta per ripetizione di mosse"]

1. e4 e6 2. d4 b6 3. Nc3 Bb4 4. Bd2 Bb7 5. Bd3 Nf6 6. Qe2 Nc6 7. Nf3 Be7 8. O-O-O Nb4 9. Bc4 a6 10. a3 Nc6 11.
Kb1 b5 12. Ba2 Qb8 13. e5 Ng8 14. Be3 b4 15. axb4 Nxb4 16. Bb3 Bd5 17. Nxd5 Nxd5 18.
Qc4 Bb4 19. Bd2 a5 20. Bxb4 Nxb4 21. c3 Nd5 22. Nd2 Nge7 23. Kc2 Nb6 24. Qb5 O-O 25. Ra1 c6 26. Qd3 a4 27. Ba2 Nbd5 28. Bxd5 Nxd5 29.
Nc4 Qa7 30. Ra3 Rfb8 31. Rha1 Nb6 32. Nxb6 Qxb6 33. Rb1 Ra7 34. Qc4 Rba8 35. Qb4 Qa6 36. Kd2 Rb8 37. Qd6 Qb6 38. Kc2 g6 39. Qc5 Qa6 40. Kd2 Rb3 41. Rxb3 axb3 42. Qb4 Qa2 43. Kc1 Kg7 44. Qe7 Qa6 45. Qf6+ Kg8 46. Qd8+ Kg7 47. Qf6+ Kh6 48. Qh4+ Kg7 49. Qf6+ 1/2-1/2

[Event "Rapid della Domenica"]
[Site "Chess.com"]
[Date "2020.05.10"]
[Round "6"]
[White "Mrtre7"]
[Black "sirmale49"]
[Result "1-0"]
[WhiteElo "1487"]
[BlackElo "1384"]
[TimeControl "720+3"]
[EndTime "8:32:35 PDT"]
[Termination "Mrtre7 ha vinto per abbandono"]

1. d4 d5 2. c4 e5 3. dxe5 d4 4. Nf3 Nc6 5. Nbd2 Bc5 6. Nb3 Bb4+ 7. Bd2 Be6 8. Bxb4 Nxb4 9. Qd2 Nc6 10. c5 Nge7 11. Nbxd4 Nxd4 12. Nxd4 O-O 13. e3 Nc6 14. Be2 Nxe5 15. O-O Qf6 16. Nxe6 fxe6 17. Qc2 Qg5 18. f4 Qh6 19. fxe5 Qxe3+ 20. Kh1 Rad8 21.
Rxf8+ Kxf8 22. Rd1 Re8 23. Rf1+ Kg8 24. Qd3 Qxe5 25.
Qf3 Qf6 26. Qxf6 gxf6 27. Rxf6 Kg7 28. Rf3 e5 29. Kg1 c6 30. Bc4 Re7 31. Kf2 e4 32.
Rg3+ Kf6 33. Ke3 Kf5 34. Rg8 Rd7 35. Rf8+ Ke5 36. Re8+ Kf5 37. Be6+ 1-0